 Dungeon Crawl Stone Soup version 0.22-a0-362-g535178c (webtiles) character file.

3969 Arum the Covert (level 10, -8/69 HPs)
             Began as an Octopode Monk on Apr 20, 2018.
             Was a Believer of Dithmenos.
             Mangled by a two-headed ogre
             ... wielding a +0 giant club
              (17 damage)
             ... on level 7 of the Dungeon.
             The game lasted 00:16:09 (9580 turns).

Arum the Covert (Octopode Monk)                     Turns: 9580, Time: 00:16:10

Health: -8/69      AC:  1    Str: 13 (14) XL:     10   Next: 22%
Magic:  19/19      EV: 19    Int: 13      God:    Dithmenos [**....]
Gold:   342        SH:  0    Dex: 14      Spells: 9/9 levels left

rFire    . . .     SeeInvis .   e - +1 dagger (drain)
rCold    . . .     Gourm    .   (no shield)
rNeg     . . .     Faith    .   (helmet restricted)
rPois    .         Spirit   .   C - amulet of rage
rElec    .         Reflect  .   i - ring of stealth
rCorr    .         Harm     .   l - ring of magical power
MR       .....                  (no ring)
Stlth    +++++++++.             (no ring)
HPRegen  0.21/turn              (no ring)
MPRegen  0.16/turn              (no ring)
                                (no ring)
                                (no ring)

@: slowed, wreathed by umbra, very slow
A: almost no armour, stealthy swim, amphibious, 8 rings, constrict 8, camouflage
1, gelatinous body 1
a: Shadow Step, Renounce Religion, Evoke Berserk Rage


You were on level 7 of the Dungeon.
You worshipped Dithmenos.
Dithmenos was pleased with you.
You were very hungry.

You visited 2 branches of the dungeon, and saw 9 of its levels.
You also visited: Sewer.

You collected 342 gold pieces.

Inventory:

Hand Weapons
 a - a +1 short sword
 d - a +0 blowgun
 e - a +1 dagger of draining (weapon)
 w - a +2 dagger of venom
 x - a cursed -3 short sword
Missiles
 n - 71 poisoned needles
Jewellery
 i - a ring of stealth (left tentacle)
 l - a ring of magical power (right tentacle)
 C - an amulet of rage (around mantle)
 D - a cursed ring of teleportation {unknown}
Wands
 g - a wand of iceblast (3)
 o - a wand of digging (11)
 B - a wand of polymorph (21)
 E - a wand of enslavement (4)
 F - a wand of clouds (7)
 G - a wand of disintegration (6)
 L - a wand of scattershot (2)
Scrolls
 p - a scroll of enchant weapon
 r - 3 scrolls of remove curse {unknown}
 s - a scroll of fear
 u - 4 scrolls of teleportation
 y - 2 scrolls of identify
 A - 2 scrolls of immolation {unknown}
 K - a scroll of enchant armour {unknown}
Potions
 c - a potion of lignification
 f - a potion of degeneration
 j - a potion of resistance
 m - 2 potions of curing
 t - 2 potions of might
 v - 3 potions of heal wounds
 z - a potion of magic {unknown}
 H - a potion of berserk rage {unknown}
Comestibles
 b - 10 rations


   Skills:
 + Level 6.6 Fighting
 + Level 6.5 Short Blades
 * Level 8.9 Dodging
 * Level 12.0 Stealth


You had 9 spell levels left.
You didn't know any spells.

Dungeon Overview and Level Annotations

Branches:
Dungeon (8/15)             Temple (1/1) D:7
   Lair: D:8-11

Altars:
Ashenzari
Dithmenos
Elyvilon
Fedhas
Gozag
Hepliaklqana
Kikubaaqudgha
Makhleb
Nemelex Xobeh
Okawaru
Qazlal
Ru
Sif Muna
Uskayaw
Vehumet
Xom
The Shining One


Innate Abilities, Weirdness & Mutations

You cannot wear most types of armour.
You are very stealthy in the water. (Stealth+)
You are amphibious.
You can wear up to eight rings at the same time.
You can use your tentacles to constrict eight enemies at once.
Your skin changes colour to match your surroundings (Stealth+).
Your rubbery body absorbs attacks. (AC +1, EV +1)


Message History

Unknown command.
You hit the two-headed ogre.
The two-headed ogre is lightly wounded.
The two-headed ogre hits you but does no damage.
The two-headed ogre hits you with a giant club!
* * * LOW HITPOINT WARNING * * *
Okay, then.
Evoke which item? (* to show all) (? for menu, Esc to quit)
Aiming: Enslavement
Press: ? - help, Shift-Dir - straight line, f - two-headed ogre
Aim: a two-headed ogre, wielding two giant clubs (umbra, chance to defeat MR: 28%)
Okay, then.
Evoke which item? (* to show all) (? for menu, Esc to quit)
Aiming: Scattershot
Press: ? - help, Shift-Dir - straight line, f - two-headed ogre
Aim: a two-headed ogre, wielding two giant clubs (umbra)
The burst of metal fragments hits the two-headed ogre. x4
The two-headed ogre is severely wounded.
The two-headed ogre hits you with a giant club!
You die...

## #..# #...##.....##
# #..## ##..####....#
##..## #...# ###.###
#...###..## ##...#
#.......## ##..###
##..##...######..## #
#..#####..##......# #
##..######O...###..##
## #........<@####
##..## .#
##########.# ##..# ##
### #.## ###


You could see a two-headed ogre.

Vanquished Creatures
  Erica (D:8)
  A two-headed ogre (D:8)
  Eustachio (D:6)
  A wyvern (D:7)
  Menkaure (D:6)
  Edmund (D:4)
  3 orc warriors
  A black bear (D:8)
  2 ogres
  A big kobold (D:8)
  A gnoll sergeant (D:5)
  4 bullfrogs
  4 scorpions
  2 crimson imps
  A bullfrog zombie (D:7)
  2 quasits (D:7)
  2 hounds (D:7)
  3 orc priests
  3 orc wizards (D:4)
  Crazy Yiuf (D:2)
  Jessica (D:2)
  3 iguanas
  Ijyb (D:3)
  Terence (D:1)
  2 worker ants
  A hound skeleton (D:7)
  Robin (D:2)
  10 gnolls
  A river rat (D:5)
  8 adders
  A shadow imp (D:7)
  2 oozes
  3 worms
  2 dart slugs (D:1)
  A leopard gecko (D:2)
  22 orcs
  8 bats
  5 giant cockroaches
  18 goblins
  9 hobgoblins
  8 jackals
  24 kobolds
  4 quokkas
  7 ball pythons
  A ball python skeleton (D:4)
  11 frilled lizards
  A leopard gecko skeleton (D:7)
  8 rats
  7 plants (Sewer)
207 creatures vanquished.

Notes
Turn   | Place    | Note
-------+----------+-------------------------------------------
     0 | D:1      | Arum the Octopode Monk began the quest for the Orb.
     0 | D:1      | Reached XP level 1. HP: 16/16 MP: 1/1
   255 | D:1      | Reached skill level 3 in Stealth
   393 | D:1      | Reached XP level 2. HP: 21/21 MP: 2/2
   938 | D:1      | Reached XP level 3. HP: 19/26 MP: 3/3
  1328 | D:2      | Noticed Terence
  1328 | D:2      | Noticed Jessica
  1340 | D:1      | Killed Terence
  1340 | D:1      | Reached skill level 4 in Stealth
  1389 | D:2      | Killed Jessica
  1389 | D:2      | Reached XP level 4. HP: 29/31 MP: 4/4
  1465 | D:2      | Noticed Robin
  1584 | D:2      | Reached XP level 5. HP: 7/36 MP: 5/5
  1900 | D:2      | Found a runed door.
  1904 | D:2      | Noticed Crazy Yiuf
  1910 | D:2      | Killed Crazy Yiuf
  2026 | D:2      | Reached skill level 5 in Stealth
  2161 | D:2      | Killed Robin
  2830 | D:3      | Reached XP level 6. HP: 17/43 MP: 6/6
  3107 | D:3      | Noticed Ijyb
  3119 | D:3      | Killed Ijyb
  3293 | D:3      | Found a shattered altar of Ashenzari.
  3844 | D:4      | Reached skill level 6 in Stealth
  4154 | D:4      | Reached skill level 5 in Dodging
  4168 | D:4      | Reached XP level 7. HP: 39/48 MP: 7/7
  4178 | D:4      | Noticed Edmund
  4194 | D:4      | Killed Edmund
  4462 | D:4      | Reached skill level 7 in Stealth
  5170 | D:5      | Entered Level 5 of the Dungeon
  5214 | D:5      | Reached XP level 8. HP: 49/54 MP: 8/8
  5253 | D:5      | Reached skill level 8 in Stealth
  5264 | D:5      | Found a glowing drain.
  5273 | Sewer    | Entered a sewer
  6610 | D:6      | Noticed Eustachio
  6617 | D:6      | Killed Eustachio
  6617 | D:6      | Reached skill level 5 in Fighting
  6617 | D:6      | Reached skill level 5 in Short Blades
  6643 | D:6      | Found a deep blue altar of Sif Muna.
  6711 | D:6      | Reached skill level 9 in Stealth
  6755 | D:6      | Noticed Menkaure
  6762 | D:6      | Killed Menkaure
  6841 | D:6      | Found an iron altar of Okawaru.
  6974 | D:6      | Found a sparkling altar of Nemelex Xobeh.
  7036 | D:6      | Found a stormy altar of Qazlal.
  7248 | D:7      | Noticed a wyvern
  7253 | D:7      | Killed a wyvern
  7253 | D:7      | Reached XP level 9. HP: 61/61 MP: 9/9
  7287 | D:7      | Reached skill level 10 in Stealth
  7825 | D:7      | Found a staircase to the Ecumenical Temple.
  7847 | Temple   | Entered the Ecumenical Temple
  7856 | Temple   | Became a worshipper of Dithmenos the Shadowed
  7856 | Temple   | Reached * piety under Dithmenos
  7856 | Temple   | Reached ** piety under Dithmenos
  8236 | D:7      | Found a burning altar of Makhleb.
  8386 | D:8      | Found a hazy altar of Hepliaklqana.
  8853 | D:8      | HP: 1/62 [orc warrior/dire flail (14)]
  8981 | D:8      | Noticed a two-headed ogre
  8990 | D:8      | Killed a two-headed ogre
  8990 | D:8      | Reached skill level 11 in Stealth
  9091 | D:8      | Reached XP level 10. HP: 56/69 MP: 10/10
  9225 | D:8      | Noticed Erica
  9231 | D:8      | Noticed a two-headed ogre
  9248 | D:8      | HP: 3/69 [two-headed ogre/giant club (14)]
  9571 | D:8      | Killed Erica
  9571 | D:8      | Reached skill level 12 in Stealth
  9580 | D:7      | Mangled by a two-headed ogre

Vault maps used:
D:1:      ncdulo_halloftheorcs
D:2:      uniq_robin, uniq_terence, uniq_crazy_yiuf_cottage, uniq_jessica
D:3:      lemuel_round_altar, first_ration, uniq_ijyb
D:4:      uniq_edmund
D:5:      portal_sewer_entry_b
D:6:      okawaru_altar_gauntlet_db, lemuel_crystal_altar, kennysheep_mini,
          nemelex_altar_shiori, uniq_eustachio, uniq_menkaure
D:7:      kennysheep_big_flooded_room, lemuel_coloured_pillars_altar,
          minmay_temple_entry_hall
D:8:      trog_ov_bears_minmay, kennysheep_mini_moat, uniq_erica, uniq_maurice
Temple:   cyrus_circular_temple
Sewer:    sewer_co_scattered_pipes

Skill      XL: |  1  2  3  4  5  6  7  8  9 10 |
---------------+-------------------------------+-----
Stealth        | 3 4 5 6 7 9 11 12 | 12.0
Dodging        | 4 5 7 8 |  8.9
Short Blades   | 4 5 6 |  6.5
Fighting       | 4 5 6 |  6.6

Action                   |  1- 3 |  4- 6 |  7- 9 | 10-12 || total
-------------------------+-------+-------+-------+-------++-------
Melee: Short sword       |    62 |   164 |       |       ||   226
       Constrict         |    18 |    36 |    68 |     1 ||   123
       Tentacles         |    12 |    28 |    97 |     5 ||   142
       Dagger            |       |    14 |   392 |    17 ||   423
 Fire: Blowgun           |       |       |     5 |       ||     5
Evoke: Wand              |       |       |       |    10 ||    10
  Use: Scroll            |       |     8 |     2 |     1 ||    11
       Potion            |       |     2 |     6 |       ||     8
 Stab: Sleeping          |     2 |    13 |    23 |       ||    38
       Distracted        |       |     2 |     3 |       ||     5
  Eat: Chunk             |     1 |     9 |    13 |       ||    23
       Ration            |       |       |     1 |       ||     1
Armor: Skin              |     4 |    35 |    11 |     1 ||    51
Dodge: Dodged            |    38 |    96 |   178 |    17 ||   329

Table legend:
 A = Spawn XP
 B = Non-spawn XP
 C = Spawn XP percentage of total XP
 D = Spawn monster count
 E = Non-spawn monster count
 F = Spawn count percentage of total count
 G = Total turns spent on level
                    A         B        C        D         E        F      G
               +---------+---------+-------+---------+---------+-------+---------
         Total |       0 |    5671 |   0.0 |       0 |     200 |   0.0 |  9580
               +---------+---------+-------+---------+---------+-------+---------
           D:1 |       0 |      85 |   0.0 |       0 |      27 |   0.0 |  1473
           D:2 |       0 |     199 |   0.0 |       0 |      30 |   0.0 |  1157
           D:3 |       0 |     117 |   0.0 |       0 |      21 |   0.0 |  1181
           D:4 |       0 |     737 |   0.0 |       0 |      26 |   0.0 |  1359
           D:5 |       0 |     308 |   0.0 |       0 |      19 |   0.0 |   812
           D:6 |       0 |     679 |   0.0 |       0 |      15 |   0.0 |   504
           D:7 |       0 |     710 |   0.0 |       0 |      14 |   0.0 |  1551
           D:8 |       0 |    2794 |   0.0 |       0 |      28 |   0.0 |   911
         Sewer |       0 |      42 |   0.0 |       0 |      20 |   0.0 |   613
               +---------+---------+-------+---------+---------+-------+---------
